 Dungeon Crawl Stone Soup version 0.25-a0-942-g87a53962fc (webtiles) character file.

Game seed: 13942626268331361201, levelgen mode: deterministic

4550 Flugslaktarn the Cleaver (level 10, -8/90 HPs)
             Began as a Minotaur Fighter on May 8, 2020.
             Was a Follower of Cheibriados.
             Mangled by a two-headed ogre
             ... wielding a +0 giant spiked club
              (17 damage)
             ... on level 8 of the Dungeon.
             The game lasted 00:03:54 (7032 turns).

Flugslaktarn the Cleaver (Minotaur Fighter)         Turns: 7032, Time: 00:03:55

Health: -8/90      AC: 12    Str: 23    XL:     10   Next: 17%
Magic:  10/10      EV:  7    Int:  7    God:    Cheibriados [*.....]
Gold:   554        SH: 12    Dex: 15    Spells: 9/9 levels left

rFire    . . .     SeeInvis .   a - +1 war axe
rCold    . . .     Gourm    .   c - +0 kite shield
rNeg     . . .     Faith    .   u - +0 chain mail
rPois    +         Spirit   .   (helmet restricted)
rElec    .         Reflect  .   C - +0 cloak {rPois}
rCorr    .         Harm     .   (no gloves)
MR       .....                  (no boots)
Stlth    ..........             G - amulet of regeneration
HPRegen  0.65/turn              (no ring)
MPRegen  0.12/turn              (no ring)

@: very slow
A: retaliatory headbutt, horns 2
a: Bend Time, Renounce Religion


You were on level 8 of the Dungeon.
You worshipped Cheibriados.
Cheibriados was aware of your devotion.
You were not hungry.

You visited 2 branches of the dungeon, and saw 9 of its levels.
You also visited: Sewer.

You collected 554 gold pieces.

Inventory:

Hand Weapons
 a - a +1 war axe (weapon)
Missiles
 o - 2 throwing nets (quivered)
Armour
 c - a +0 kite shield (worn)
 u - a +0 chain mail (worn)
   (You found it on level 4 of the Dungeon)
 C - a +0 cloak of poison resistance (worn)
   (You took it off Crazy Yiuf on level 6 of the Dungeon)
Jewellery
 f - a +5 ring of intelligence {unknown}
   (You found it on level 3 of the Dungeon)
 i - a +4 ring of protection {unknown}
   (You found it on level 5 of the Dungeon)
 l - a +2 ring of dexterity {unknown}
   (You found it on level 2 of the Dungeon)
 y - an uncursed ring of positive energy {unknown}
   (You found it on level 5 of the Dungeon)
 z - an uncursed ring of protection from fire {unknown}
   (You found it on level 5 of the Dungeon)
 B - a cursed ring of teleportation {unknown}
   (You found it on level 6 of the Dungeon)
 G - an amulet of regeneration (around neck)
   (You found it on level 7 of the Dungeon)
Wands
 v - a wand of digging (5)
   (You found it on level 4 of the Dungeon)
 D - a wand of acid (8)
   (You found it on level 6 of the Dungeon)
Scrolls
 h - 2 scrolls of fear
 j - a scroll of magic mapping
 r - 3 scrolls of identify
 s - a scroll of random uselessness {unknown}
 t - 3 scrolls of teleportation
 A - a scroll of blinking {unknown}
 E - a scroll of enchant armour {unknown}
Potions
 b - a potion of invisibility
 d - 5 potions of might
 g - a potion of degeneration {unknown}
 k - 2 potions of stabbing
 m - a potion of berserk rage {unknown}
 n - 3 potions of flight {unknown}
 p - a potion of brilliance {unknown}
 q - 8 potions of curing
 w - 3 potions of heal wounds
 x - a potion of lignification {unknown}
Comestibles
 e - 15 rations
 F - a chunk of flesh


   Skills:
 + Level 8.7 Fighting
 * Level 11.2 Axes
 + Level 8.7 Armour
 + Level 8.7 Shields
 + Level 2.3 Invocations


You had 9 spell levels left.
You didn't know any spells.
Your spell library was empty.

Dungeon Overview and Level Annotations

Branches:
Dungeon (8/15)             Temple (1/1) D:7           Sewer (visited)
   Lair: D:8-11

Altars:
Ashenzari
Cheibriados
Dithmenos
Elyvilon
Fedhas
Gozag
Hepliaklqana
Kikubaaqudgha
Makhleb
Nemelex Xobeh
Okawaru
Qazlal
Ru
Sif Muna
Trog
Uskayaw
Vehumet
Wu Jian
Xom
Yredelemnul
Zin
The Shining One

Shops:
D:4 !


Innate Abilities, Weirdness & Mutations

You reflexively headbutt those who attack you in melee.
You have a pair of horns on your head.


Message History

You hit the two-headed ogre but do no damage.
Your headbutt misses the two-headed ogre.
The two-headed ogre is almost dead.
The two-headed ogre barely misses you.
The two-headed ogre hits you with a +0 giant spiked club!!
* * * LOW HITPOINT WARNING * * *
You closely miss the two-headed ogre.
The two-headed ogre is severely wounded.
The two-headed ogre hits you with a +0 giant spiked club.
* * * LOW HITPOINT WARNING * * *
The two-headed ogre barely misses you.
Unknown command.
Evoke which item? (* to show all) (? for menu, Esc to quit)
Okay, then.
Your shield and chain mail prevent you from hitting the two-headed ogre.
Your headbutt misses the two-headed ogre.
The two-headed ogre is severely wounded.
You block the two-headed ogre's attack.
The two-headed ogre hits you with a +0 giant spiked club!
You die...

### ##.## ##.#.##
##########.###.##
#.........## ##.###
#.#######..###....#
#####.#####
#.#.#...#.#
#.........#
#.##......####
#.###.###@#
#.##..<....... #.#
#O# #.####..#.####
#.# #.# #.####..#.#
#.# #.# #.......#.#
#.# #.#
#.......รท.# #.#
#.# ####...### #.
#.# ##.....## ..#
##.......##
#.........#


You could see a two-headed ogre.

Vanquished Creatures
  Pikel (D:4)
  Grinder (D:3)
  Sigmund (D:3)
  4 yaks (D:7)
  Edmund (D:6)
  2 orc warriors
  2 sky beasts
  Purgy (D:3)
  An ice beast (D:7)
  6 phantoms
  A black bear (D:7)
  A slave (D:4)
  2 ogres
  2 centaurs (D:6)
  2 big kobolds
  A bullfrog (D:7)
  A wyvern skeleton (D:7)
  3 killer bees (D:7)
  4 crimson imps
  A howler monkey (D:7)
  5 hounds
  2 jellies
  3 orc priests
  A centaur skeleton (D:5)
  Crazy Yiuf (D:6)
  3 iguanas
  An orc wizard (D:7)
  10 worker ants
  2 hound skeletons (D:5)
  A worker ant zombie (D:6)
  8 gnolls
  A howler monkey skeleton (D:6)
  A river rat (Sewer)
  11 adders
  2 oozes
  A worm (D:6)
  4 dart slugs
  3 leopard geckos
  23 orcs
  6 ball pythons
  7 bats
  7 giant cockroaches
  9 goblins
  6 hobgoblins
  5 jackals
  15 kobolds
  3 quokkas
  6 frilled lizards
  2 jackal skeletons (D:5)
  2 leopard gecko skeletons (D:6)
  A leopard gecko zombie (D:5)
  15 rats
  A fungus (D:6)
206 creatures vanquished.

Vanquished Creatures (others)
  A slave (D:4)
  An orc wizard (D:4)
  An iguana (D:4)
  3 orcs (D:4)
  A giant cockroach (D:4)
  A frilled lizard (D:4)
8 creatures vanquished.

Grand Total: 214 creatures vanquished

Notes
Turn   | Place    | Note
-------+----------+-------------------------------------------
     0 | D:1      | Flugslaktarn the Minotaur Fighter began the quest for the
                  | Orb.
     0 | D:1      | Reached XP level 1. HP: 19/19 MP: 0/0
    66 | D:1      | Reached XP level 2. HP: 21/27 MP: 1/1
   266 | D:1      | Reached skill level 3 in Axes
   537 | D:1      | Reached XP level 3. HP: 33/33 MP: 2/2
  1528 | D:3      | Reached XP level 4. HP: 40/40 MP: 3/3
  1531 | D:3      | Noticed Sigmund
  1812 | D:3      | Killed Sigmund
  1812 | D:3      | Reached skill level 5 in Axes
  1812 | D:3      | Reached XP level 5. HP: 34/47 MP: 4/4
  1980 | D:3      | Noticed Grinder
  1989 | D:3      | Killed Grinder
  1989 | D:3      | Reached skill level 5 in Fighting
  1989 | D:3      | Reached skill level 5 in Armour
  1989 | D:3      | Reached skill level 5 in Shields
  1989 | D:3      | Reached XP level 6. HP: 38/56 MP: 5/5
  2302 | D:3      | Noticed Purgy
  2317 | D:3      | Killed Purgy
  2317 | D:3      | Reached skill level 6 in Axes
  2317 | D:3      | Reached XP level 7. HP: 46/61 MP: 6/6
  2913 | D:4      | Noticed Pikel
  2933 | D:4      | Killed Pikel
  2933 | D:4      | Reached skill level 7 in Axes
  2933 | D:4      | Reached XP level 8. HP: 46/70 MP: 7/7
  3074 | D:4      | Found Seirred's Distillery.
  3847 | D:5      | Entered Level 5 of the Dungeon
  3851 | D:5      | Found Ofras's Jewellery Shop.
  3861 | D:5      | Reached skill level 8 in Axes
  4268 | D:5      | Reached skill level 9 in Axes
  4558 | D:5      | Found an ornate altar of the Wu Jian Council.
  4730 | D:6      | Reached XP level 9. HP: 44/79 MP: 8/8
  5075 | D:6      | Noticed Edmund
  5091 | D:6      | Killed Edmund
  5398 | D:6      | Found a glowing drain.
  5410 | Sewer    | Entered a sewer
  5524 | Sewer    | Found a white marble altar of Elyvilon.
  5628 | D:6      | Reached skill level 10 in Axes
  5904 | D:6      | Found a runed translucent door.
  5905 | D:6      | Noticed Crazy Yiuf
  5910 | D:6      | Killed Crazy Yiuf
  6122 | D:7      | Found a staircase to the Ecumenical Temple.
  6147 | Temple   | Entered the Ecumenical Temple
  6388 | Temple   | Became a worshipper of Cheibriados the Contemplative
  6534 | D:7      | Reached skill level 1 in Invocations
  6739 | D:7      | Reached * piety under Cheibriados
  6745 | D:7      | Reached XP level 10. HP: 77/90 MP: 10/10
  6798 | D:7      | Reached skill level 11 in Axes
  7024 | D:8      | Noticed a two-headed ogre
  7032 | D:8      | Mangled by a two-headed ogre

Levels and vault maps discovered:
D:1:      minmay_arrival_wavy_path, layout_basic, minmay_bisected
D:2:      layout_loops_ring, minmay_misc_feat_pillars
D:3:      layout_basic, st_stairs_10, uniq_sigmund, uniq_purgy, uniq_grinder
D:4:      layout_rooms, serial_shops, shop_fountains, minmay_ruptured,
          uniq_pikel
D:5:      layout_loops_ring, lemuel_doored_altar, first_ration, serial_shops,
          nicolae_shop_stone, st_stairs_7, minmay_joined_circles
D:6:      layout_cave_pools, portal_sewer_entry_d, uniq_edmund,
          uniq_crazy_yiuf_cottage
D:7:      layout_cave_pools, minmay_temple_entry_slanted
D:8:      layout_loops_corners, serial_ice, serial_ice_b, serial_ice_k,
          serial_ice_d, serial_ice_h, basic_altar, uniq_psyche, uniq_harold,
          uniq_erica
Temple:   nicolae_temple_the_god_donut

Skill      XL: |  1  2  3  4  5  6  7  8  9 10 |
---------------+-------------------------------+-----
Axes           | 3 5 6 7 9 10 11 | 11.2
Shields        | 4 5 6 7 8 |  8.7
Fighting       | 4 5 6 7 8 |  8.7
Armour         | 4 5 6 7 8 |  8.7
Invocations    | 1 2 |  2.3

Action                   |  1- 3 |  4- 6 |  7- 9 | 10-12 || total
-------------------------+-------+-------+-------+-------++-------
Melee: War axe           |    88 |    73 |   375 |    35 ||   571
       Headbutt          |     6 |    14 |    75 |     9 ||   104
  Use: Scroll            |       |       |    11 |       ||    11
  Eat: Chunk             |     2 |     3 |    14 |     1 ||    20
Armor: Scale mail        |    49 |    50 |    19 |       ||   118
       Chain mail        |       |       |   127 |     8 ||   135
Dodge: Dodged            |    27 |    29 |    87 |    11 ||   154
Block: Kite shield       |    70 |    45 |   205 |    19 ||   339

Table legend:
 A = Non-vault XP
 B = Vault XP
 C = Vault XP percentage of total XP
 D = Non-vault monster count
 E = Vault monster count
 F = Vault count percentage of total count
                 A         B        C        D         E       F
            +---------+---------+-------+---------+---------+-------
      Total |    4408 |    2093 |  32.2 |     167 |      37 |  18.1
            +---------+---------+-------+---------+---------+-------
        D:1 |      37 |       6 |  14.0 |      19 |       2 |   9.5
        D:2 |      53 |       0 |   0.0 |      24 |       0 |   0.0
        D:3 |     103 |     638 |  86.1 |      27 |       5 |  15.6
        D:4 |     317 |     617 |  66.1 |       8 |       1 |  11.1
        D:5 |     494 |     474 |  49.0 |      23 |      13 |  36.1
        D:6 |     859 |     227 |  20.9 |      23 |       3 |  11.5
        D:7 |    2506 |       0 |   0.0 |      41 |       0 |   0.0
        D:8 |      39 |       0 |   0.0 |       2 |       0 |   0.0
      Sewer |       0 |     131 | 100.0 |       0 |      13 | 100.0
            +---------+---------+-------+---------+---------+-------
